 Dungeon Crawl Stone Soup version 0.21.1-1-g345015f (webtiles) character file.

213 Fortress the Shield-Bearer (level 5, 0/52 HPs)
             Began as a Troll Fighter on July 2, 2018.
             Slain by Renzlar's ghost (17 damage)
             ... on level 3 of the Dungeon.
             The game lasted 00:09:49 (1881 turns).

Fortress the Shield-Bearer (Troll Fighter)          Turns: 1881, Time: 00:09:49

Health: 0/52       AC:  6    Str: 25    XL:     5   Next: 59%
Magic:  4/4        EV:  8    Int:  4    God:
Gold:   119        SH: 14    Dex:  9    Spells: 4/4 levels left

rFire    + . .     SeeInvis .   e - +2 dagger (venom)
rCold    x . .     Gourm    +   c - +0 shield
rNeg     . . .     Faith    .   b - +0 robe
rPois    .         Spirit   .   (helmet restricted)
rElec    .         Reflect  +   h - +0 cloak
rCorr    .         Harm     .   (gloves unavailable)
MR       .....                  (boots unavailable)
Stlth    +.........             l - +5 amulet of reflection
HPRegen  0.57/turn              j - ring of fire
MPRegen  0.09/turn              (no ring)

@: no status effects
A: large, unfitting armour, claws 3, fast metabolism 3, gourmand, regeneration
1, shaggy fur 1, tough skin 2
a: no special abilities


You were on level 3 of the Dungeon.
You were completely stuffed.

You visited 1 branch of the dungeon, and saw 4 of its levels.

You collected 119 gold pieces.

Inventory:

Hand Weapons
 a - a +0 war axe
 e - a +2 dagger of venom (weapon)
 s - a +0 blowgun
Missiles
 i - 100 stones (quivered)
 t - 32 poisoned needles
Armour
 b - a +0 robe (worn)
 c - a +0 shield (worn)
 h - a +0 cloak (worn)
Jewellery
 j - a ring of fire (left claw)
 l - a +5 amulet of reflection (around neck)
Scrolls
 k - 3 scrolls of identify {unknown}
 n - a scroll of noise {unknown}
 o - a scroll of amnesia {unknown}
 q - a scroll of enchant weapon {unknown}
 r - a scroll of remove curse {unknown}
Potions
 d - a potion of might
 g - 2 potions of curing
 m - a potion of haste
 u - a potion of lignification {unknown}
Comestibles
 f - 7 rations


   Skills:
 + Level 2.9 Fighting
 * Level 2.6 Short Blades
 - Level 1.5 Axes
 + Level 3.1 Dodging
 + Level 3.4 Shields


You had 4 spell levels left.
You didn't know any spells.

Dungeon Overview and Level Annotations

Branches:
Dungeon (4/15)
 Temple: D:4-7

Altars:
Fedhas
Gozag

Shops:
D:4 [

Annotations:
D:3 Renzlar's ghost, weakling GnFi


Innate Abilities, Weirdness & Mutations

You are too large for most types of armour.
You have claws for hands.
Your metabolism is lightning-fast.
You like to eat raw meat.
Your natural rate of healing is unusually fast.
You are covered in fur. (AC +1)
You have very tough skin. (AC +2)


Message History

Renzlar's ghost hits you!
You barely miss Renzlar's ghost.
Renzlar's ghost is almost destroyed.
Renzlar's ghost closely misses you.
You hit Renzlar's ghost but do no damage.
Renzlar's ghost is almost destroyed.
Renzlar's ghost says, "You can hit me, but you can't hurt me."
Renzlar's ghost hits you but does no damage.
You closely miss Renzlar's ghost.
Renzlar's ghost is almost destroyed.
Renzlar's ghost hits you!
You are too injured to fight recklessly!
You are too injured to fight recklessly!
You are too injured to fight recklessly!
You are too injured to fight recklessly!
You are too injured to fight recklessly!
You hit Renzlar's ghost.
Renzlar's ghost is almost destroyed.
Renzlar's ghost hits you!
You die...

#.........### #.....
#..........####...≈≈
#.....#.#......#♣P≈
#........#####...♣P
###....$....).#...#♣
##...#...#.#.).......
##..........####....##
#...........# ##.....
#....@.?....# .≈.≈..
#.....W.....# ≈W≈≈.≈
##...........≈ ≈≈≈≈≈≈≈
##...#.......≈≈≈≈≈≈≈≈
########....≈≈≈≈≈≈≈≈
....≈ ...


You could see Renzlar's ghost.

Vanquished Creatures
  An ogre (D:3)
  3 adders (D:2)
  3 gnolls (D:2)
  An ooze (D:1)
  A worm (D:3)
  3 dart slugs (D:1)
  2 leopard geckos
  8 bats
  3 giant cockroaches (D:1)
  5 goblins (D:1)
  12 hobgoblins
  3 jackals
  A quokka (D:3)
  2 ball pythons
  4 frilled lizards
  9 kobolds
  4 rats
65 creatures vanquished.

Vanquished Creatures (others)
  A kobold (D:3)
  5 toadstools (D:1)
6 creatures vanquished.

Grand Total: 71 creatures vanquished

Notes
Turn   | Place    | Note
-------+----------+-------------------------------------------
     0 | D:1      | Fortress the Troll Fighter began the quest for the Orb.
     0 | D:1      | Reached XP level 1. HP: 22/22 MP: 0/0
    90 | D:1      | Reached XP level 2. HP: 29/29 MP: 1/1
   270 | D:1      | Reached XP level 3. HP: 35/36 MP: 2/2
   351 | D:1      | Reached skill level 1 in Short Blades
   824 | D:2      | Found an opulent altar of Gozag.
  1085 | D:2      | Reached XP level 4. HP: 40/44 MP: 3/3
  1456 | D:3      | Found a blossoming altar of Fedhas.
  1552 | D:3      | Noticed an ogre
  1563 | D:3      | Killed an ogre
  1563 | D:3      | Reached XP level 5. HP: 52/52 MP: 4/4
  1566 | D:4      | Found Foeghid's Antique Armour Emporium.
  1735 | D:3      | Noticed Renzlar's ghost (weakling GnFi)
  1881 | D:3      | Slain by Renzlar's ghost

Skill      XL: |  1  2  3  4 |
---------------+-------------+-----
Short Blades   | 1 2 |  2.6
Shields        | 3 |  3.4
Dodging        | 3 |  3.1
Fighting       | |  2.9
Axes           | |  1.5

Action                   |  1- 3 |  4- 6 || total
-------------------------+-------+-------++-------
Melee: Dagger            |   121 |   124 ||   245
       War axe           |     2 |       ||     2
  Use: Potion            |       |     3 ||     3
  Eat: Chunk             |    16 |     7 ||    23
Armor: Robe              |    40 |    19 ||    59
Dodge: Dodged            |    48 |    18 ||    66
Block: Shield            |    74 |    76 ||   150
       Reflection        |       |     6 ||     6
